[Event "41st Amateur D7"]
[Site "ChessGUI4"]
[Date "2013.07.10"]
[Round "30.1"]
[White "Carballo 0.8"]
[Black "Butcher 1.64 64-bit"]
[Result "1/2-1/2"]
[BlackElo "2355"]
[ECO "D20"]
[EventDate "2013.??.??"]
[TimeControl "40/1500:40/1500:40/1500"]
[WhiteElo "2273"]

{ i5 Quad } 1.d4 d5 2.c4 dxc4 3.e4 e5 4.Nf3 Bb4+ 5.Nc3 exd4 6.Nxd4 Ne7 7.Bxc4 Nbc6 8.Be3 O-O 9.O-O Nxd4 { [%eval -1,11] [%emt 0:01:06] (Nxd4) } 10.Bxd4
{ [%eval 38,14] [%emt 0:00:36] (Qxd4) } 10...Bg4
{ [%eval -17,11] [%emt 0:00:59] (Nc6) } 11.f3
{ [%eval 57,14] [%emt 0:00:35] (Be2) } 11...Be6
{ [%eval 4,12] [%emt 0:00:59] (Be6) } 12.Bxe6
{ [%eval 51,14] [%emt 0:00: 34] (Bxe6) } 12...fxe6
{ [%eval -20,11] [%emt 0:00:59] (fxe6) } 13.Bf2
{ [%eval 51,14] [%emt 0:00:33] (Na4) } 13...Nc6
{ [%eval -11,11] [%emt 0:01:04] (Qxd1) } 14.Qb3
{ [%eval 69,13] [%emt 0:00:32] (Qb3) } 14...Qe7
{ [%eval -6,11] [%emt 0:01:00] (Qe7) } 15.a3
{ [%eval 69,14] [%emt 0:00:32] (a3) } 15...Bxc3
{ [%eval -3,12] [%emt 0:01:02] (Bxc3) } 16.Qxc3
{ [%eval 70,14] [%emt 0:00:31] (Qxc3) } 16...Qf7
{ [%eval -1,12] [%emt 0:01:01] (Rfd8) } 17.Qb3
{ [%eval 75,13] [%emt 0:00:30] (Rfd1) } 17...Rab8
{ [%eval 8,12] [%emt 0:00:59] (Rab8) } 18.Rfd1
{ [%eval 78,14] [%emt 0:00:29] (f4) } 18...a6
{ [%eval 5,12] [%emt 0:00:59] (e5) } 19.h4
{ [%eval 83,14] [%emt 0:00:28] (Rd2) } 19...Rfe8
{ [%eval -18,11] [%emt 0:00:58] (e5) } 20.Rac1
{ [%eval 103,13] [%emt 0:00:28] (Rac1) } 20...Rf8
{ [%eval -8,11] [%emt 0:00:56] (h5) } 21.Rc3
{ [%eval 104,14] [%emt 0:00:27] (Qe3) } 21...Na5
{ [%eval -19,12] [%emt 0:00:42] (h5) } 22.Qc2
{ [%eval 94,15] [%emt 0:00:26] (Qc2) } 22...Nc6
{ [%eval 0,12] [%emt 0:00:47] (Nc6) } 23.Qb3
{ [%eval 91,14] [%emt 0:00:26] (Rcd3) } 23...Kh8
{ [%eval 0,12] [%emt 0: 00:47] (Na5) } 24.Bg3
{ [%eval 108,12] [%emt 0:00:25] (Bg3) } 24...Rfe8
{ [%eval 1,12] [%emt 0:00:46] (e5) } 25.Kh1
{ [%eval 115,12] [%emt 0:00:24] (Rcd3) } 25...Kg8
{ [%eval 0,12] [%emt 0:00:45] (a5) } 26.Kg1
{ [%eval 113,12] [%emt 0:00:24] (f4) } 26...Kh8
{ [%eval 3,12] [%emt 0:00:44] (g6) } 27.a4
{ [%eval 115,13] [%emt 0:00:23] (Rcd3) } 27...Kg8
{ [%eval 0,12] [%emt 0:00:38] (h6) } 28.Rc5
{ [%eval 116,12] [%emt 0: 00:23] (Rcd3) } 28...Qe7
{ [%eval -5,11] [%emt 0:00:44] (Qe7) } 29.Rc3
{ [%eval 108,13] [%emt 0:00:22] (Qe3) } 29...Qf7
{ [%eval 0,12] [%emt 0:00:42] (h5) } 30.Rc5
{ [%eval 114,12] [%emt 0:00:21] (Rcd3) } 30...Qe7
{ [%eval -4,11] [%emt 0:00:40] (Qe7) } 31.Bf2
{ [%eval 101,13] [%emt 0:00:21] (Rc2) } 31...Kh8
{ [%eval -1,11] [%emt 0:00:41] (Kh8) } 32.g4
{ [%eval 102,13] [%emt 0:00:20] (h5) } 32...Rf8
{ [%eval -71,11] [%emt 0:00:40] (e5) } 33.Kg2
{ [%eval 104,13] [%emt 0:00:20] (Rc3) } 33...Qe8
{ [%eval -54,11] [%emt 0:00:35] (e5) } 34.Qc3
{ [%eval 166,12] [%emt 0:00:19] (Qc3) } 34...a5
{ [%eval 5,11] [%emt 0:00:33] (Rd8) } 35.Rg5
{ [%eval 128,11] [%emt 0:00:19] (h5) } 35...Qf7
{ [%eval -26,11] [%emt 0:00:31] (Rf7) } 36.Bd4
{ [%eval 135,10] [%emt 0:00:18] (h5) } 36...Nxd4
{ [%eval -21,12] [%emt 0:00:28] (Rg8) } 37.Rxd4
{ [%eval 93,14] [%emt 0:00:18] (Rxd4) } 37...b6
{ [%eval -34,12] [%emt 0:00:26] (b6) } 38.Qd3
{ [%eval 93,13] [%emt 0:00:17] (Qd3) } 38...Rbe8
{ [%eval -35,12] [%emt 0:00:23] (h6) } 39.Rd7
{ [%eval 77,12] [%emt 0:00:17] (e5) } 39...Re7
{ [%eval -54,12] [%emt 0:00:21] (Re7) } 40.Rd8
{ [%eval 53,15] [%emt 0:00:17] (Rd4) } 40...Rxd8
{ [%eval -70,13] [%emt 0:00: 15] (Rxd8) } 41.Qxd8+
{ [%eval 41,17] [%emt 0:00:54] (Qxd8) } 41...Re8
{ [%eval -63,14] [%emt 0:00:49] (Re8) } 42.Qd2
{ [%eval 40,17] [%emt 0:00:52] (Qd3) } 42...Rf8
{ [%eval -73,13] [%emt 0:00:49] (c5) } 43.Qc3
{ [%eval 36,17] [%emt 0:00:51] (Qd3) } 43...c5
{ [%eval -71,13] [%emt 0:00:48] (c5) } 44.Re5
{ [%eval 41,16] [%emt 0:00:50] (Qd3) } 44...Rd8
{ [%eval -82,13] [%emt 0:00:48] (Rd8) } 45.Kg3
{ [%eval 38,16] [%emt 0:00:48] (Qb3) } 45...Rd6
{ [%eval -73,12] [%emt 0:00:48] (Rf8) } 46.Qc4
{ [%eval 35, 15] [%emt 0:00:47] (Qe3) } 46...Qd7
{ [%eval -64,13] [%emt 0:00:52] (Qd7) } 47.g5
{ [%eval 25,15] [%emt 0:00:46] (h5) } 47...Qe7
{ [%eval -56,12] [%emt 0:00:52] (g6) } 48.Qb5
{ [%eval 39,16] [%emt 0:00:45] (f4) } 48...Qd8
{ [%eval -70,13] [%emt 0:00:51] (g6) } 49.Kg4
{ [%eval 36,16] [%emt 0:00:44] (h5) } 49...Kg8
{ [%eval -59,13] [%emt 0:00: 50] (g6) } 50.h5
{ [%eval 31,14] [%emt 0:00:43] (h5) } 50...h6
{ [%eval -52,12] [%emt 0:00:50] (h6) } 51.Qb3
{ [%eval 22,15] [%emt 0:00:42] (g6) } 51...Qf8
{ [%eval -56,12] [%emt 0:00:43] (hxg5) } 52.f4
{ [%eval 29,15] [%emt 0:00:40] (gxh6) } 52...Qe7
{ [%eval -25,13] [%emt 0:00:49] (Qc8) } 53.g6
{ [%eval 26,15] [%emt 0:00:39] (Qg3) } 53...Kh8
{ [%eval 0,15] [%emt 0:01:24] (Kf8) } 54.Qb5
{ [%eval 36,18] [%emt 0:00:38] (Qc4) } 54...Qd8
{ [%eval -1,14] [%emt 0:01:08] (Qd8) } 55.b3
{ [%eval 34,17] [%emt 0: 00:37] (Qc4) } 55...Kg8
{ [%eval 0,14] [%emt 0:00:37] (Qc8) } 56.Qc4
{ [%eval 36,17] [%emt 0:00:37] (Qc4) } 56...Qf6
{ [%eval 0,14] [%emt 0:00:33] (Qf6) } 57.Kg3
{ [%eval 35,17] [%emt 0:00:36] (Kg3) } 57...Qe7
{ [%eval 0,14] [%emt 0:00:37] (Qe7) } 58.Qa6
{ [%eval 35,17] [%emt 0:00:35] (Qa6) } 58...Qd8
{ [%eval 0,14] [%emt 0:00:32] (Qd8) } 59.Qc4
{ [%eval 36,17] [%emt 0:00:34] (Qc4) } 59...Qe7
{ [%eval 0,14] [%emt 0:00:36] (Qe7) } 60.Kg4
{ [%eval 29,17] [%emt 0:00:33] (Qa6) } 60...Kh8
{ [%eval -15,14] [%emt 0:00: 36] (Kh8) } 61.Qa6
{ [%eval 33,17] [%emt 0:00:32] (Kh3) } 61...Qd8
{ [%eval 0,14] [%emt 0:00:35] (Qd8) } 62.Qc4
{ [%eval 21,18] [%emt 0:00:31] (Qc4) } 62...Qf6
{ [%eval -20,14] [%emt 0:00:35] (Qd7) } 63.Kg3
{ [%eval 33,17] [%emt 0:00:31] (Kg3) } 63...Qe7
{ [%eval -11,14] [%emt 0:00:32] (Qe7) } 64.Kg4
{ [%eval 28,17] [%emt 0:00:30] (Kh3) } 64...Qf6
{ [%eval 0,14] [%emt 0:00:34] (Qd7) } 65.Kg3
{ [%eval 28,18] [%emt 0:00:29] (Kg3) } 1/2-1/2

[Event "41st Amateur D7"]
[Site "ChessGUI4"]
[Date "2013.07.10"]
[Round "30.2"]
[White "Gibbon 2.57a 64-bit"]
[Black "Tigran 2.3 64-bit"]
[Result "0-1"]
[BlackElo "2289"]
[ECO "E11"]
[EventDate "2013.??.??"]
[TimeControl "40/1500:40/1500:40/1500"]
[WhiteElo "2251"]

{ i5 Quad } 1.d4 Nf6 2.c4 e6 3.Nf3 Bb4+ 4.Nbd2 a5 5.a3 Bxd2+ 6.Bxd2 a4 7.Bg5 h6 8.Bh4 c5 9.Bxf6 Qxf6 { [%eval -3,14] [%emt 0:00:42] (Qxf6) } 10.e3
{ [%eval 16,15] [%emt 0:01:11] (e3) } 10...Nc6
{ [%eval 1,14] [%emt 0:00:42] (Nc6) } 11.Be2
{ [%eval 22,14] [%emt 0:00:29] (Be2) } 11...O-O
{ [%eval -8,14] [%emt 0:00:42] (cxd4) } 12.O-O
{ [%eval 28,14] [%emt 0:01:06] (e1g1) } 12...d6
{ [%eval -21,15] [%emt 0:00:42] (cxd4) } 13.dxc5
{ [%eval 31,14] [%emt 0:00:31] (dxc5) } 13...dxc5
{ [%eval -20,15] [%emt 0:00:42] (dxc5) } 14.Qc2
{ [%eval 35,15] [%emt 0:00:38] (Qc2) } 14...Qe7
{ [%eval -20,14] [%emt 0:00:38] (Rd8) } 15.Rfd1
{ [%eval 43,14] [%emt 0:00:28] (Rfd1) } 15...e5
{ [%eval -13,13] [%emt 0:00: 43] (e5) } 16.Rd2
{ [%eval 46,14] [%emt 0:00:54] (Qe4) } 16...e4
{ [%eval 13,14] [%emt 0:00:34] (Bg4) } 17.Ne1
{ [%eval 28,15] [%emt 0:00:19] (Ne1) } 17...Rd8
{ [%eval 15,15] [%emt 0:00:44] (Rd8) } 18.Rxd8+
{ [%eval 29,15] [%emt 0:00:24] (Rd5) } 18...Nxd8
{ [%eval 6,15] [%emt 0:00:44] (Nxd8) } 19.Rd1
{ [%eval 29,16] [%emt 0:00:41] (Rd1) } 19...Nc6
{ [%eval 3,14] [%emt 0:00:44] (Nc6) } 20.g3
{ [%eval 29,14] [%emt 0:00:16] (g3) } 20...Bf5
{ [%eval 4,15] [%emt 0:00:44] (Ra6) } 21.Ng2
{ [%eval 50,14] [%emt 0: 00:20] (Ng2) } 21...g5
{ [%eval 2,14] [%emt 0:00:37] (Ne5) } 22.h4
{ [%eval 62,12] [%emt 0:00:22] (Ne1) } 22...Ne5
{ [%eval 20,13] [%emt 0:00:37] (Ne5) } 23.hxg5
{ [%eval 56,13] [%emt 0:00:32] (Rd5) } 23...hxg5
{ [%eval 23,14] [%emt 0:00:46] (hxg5) } 24.Rd5
{ [%eval 49,13] [%emt 0:00:27] (Rd5) } 24...f6
{ [%eval 42,13] [%emt 0:00:46] (f6) } 25.Ne1
{ [%eval 35,13] [%emt 0:00:16] (Ne1) } 25...Bg6
{ [%eval 33,13] [%emt 0: 00:46] (Kg7) } 26.Rd2
{ [%eval 15,13] [%emt 0:00:22] (Rd2) } 26...Qc7
{ [%eval 61,14] [%emt 0:00:38] (f5) } 27.Rd1
{ [%eval 6,13] [%emt 0:00:25] (Rd1) } 27...Kg7
{ [%eval 63,13] [%emt 0:00:47] (Qa5) } 28.Kg2
{ [%eval 0,13] [%emt 0:00:22] (Rb1) } 28...Rh8
{ [%eval 155,13] [%emt 0:00:48] (Qa5) } 29.Qd2
{ [%eval -172,12] [%emt 0:00:13] (Qxa4) } 29...Qc8
{ [%eval 266,13] [%emt 0:00:48] (Qc8) } 30.f4
{ [%eval -233,13] [%emt 0:00:18] (f4) } 30...exf3+
{ [%eval 257,13] [%emt 0:00:48] (exf3) } 31.Bxf3
{ [%eval -287,14] [%emt 0:00:30] (Bxf3) } 31...Qh3+
{ [%eval 257,12] [%emt 0:00:49] (13) } 32.Kg1
{ [%eval -327,13] [%emt 0:00:27] (Kf2) } 32...g4
{ [%eval 391,13] [%emt 0:00: 49] (13) } 33.Bxb7
{ [%eval -344,12] [%emt 0:00:09] (Bd5) } 33...Qxg3+
{ [%eval 410,13] [%emt 0:00:39] (Qxg3) } 34.Qg2
{ [%eval -365,14] [%emt 0:00:26] (Qg2) } 34...Qxe3+
{ [%eval 428,14] [%emt 0:00:52] (Qxe3) } 35.Qf2
{ [%eval -400,14] [%emt 0:00:22] (Qf2) } 35...Qxf2+
{ [%eval 429,15] [%emt 0:00:43] (Qxf2) } 36.Kxf2
{ [%eval -400,10] [%emt 0:00:00] (Kxf2) } 36...Rb8
{ [%eval 450,16] [%emt 0:00:56] (Rb8) } 37.Ba6
{ [%eval -389,13] [%emt 0:00:06] (Bd5) } 37...Rxb2+
{ [%eval 538,14] [%emt 0:00:52] (Rxb2) } 38.Kg1
{ [%eval -472,15] [%emt 0:00:31] (Kg3) } 38...g3
{ [%eval 652,17] [%emt 0:01:00] (13) } 39.Rc1
{ [%eval -531,16] [%emt 0:00:08] (Rc1) } 39...Be4
{ [%eval 746,17] [%emt 0:01:03] (Be4) } 40.Rc3
{ [%eval -540,16] [%emt 0:00:08] (Rc3) } 40...Rb3
{ [%eval 861,18] [%emt 0:01:09] (Rb3) } 41.Rc1
{ [%eval -743,18] [%emt 0:01:09] (Rc1) } 41...Rxa3
{ [%eval 906,16] [%emt 0:00:27] (13) } 42.Kf1
{ [%eval -794,17] [%emt 0:01:03] (Kf1) } 0-1

[Event "41st Amateur D7"]
[Site "ChessGUI4"]
[Date "2013.07.10"]
[Round "30.3"]
[White "Waxman 2011"]
[Black "FireFly 2.6.0 64-bit"]
[Result "1-0"]
[BlackElo "2258"]
[ECO "C45"]
[EventDate "2013.??.??"]
[TimeControl "40/1500:40/1500:40/1500"]
[WhiteElo "2256"]

{ i5 Quad } 1.e4 e5 2.Nf3 Nc6 3.d4 exd4 4.Nxd4 Bc5 5.Be3 Qf6 6.c3 Nge7 7.Bc4 b6 8.f4 Bb7 9.O-O O-O
{ [%eval -3,10] [%emt 0:00:57] (O-O-O) } 10.Nc2
{ [%eval 9,12] [%emt 0:00:46] (Qd3) } 10...Na5
{ [%eval -16, 11] [%emt 0:00:56] (Na5) } 11.Bd3
{ [%eval 12,12] [%emt 0:00:57] (Bd3) } 11...Rfe8
{ [%eval -22,11] [%emt 0:00:55] (Rfe8) } 12.Nd2
{ [%eval 12,12] [%emt 0:00:50] (Nd2) } 12...Bxe3+
{ [%eval -16,10] [%emt 0:00:55] (Bxe3) } 13.Nxe3
{ [%eval 16,11] [%emt 0:00:25] (Nxe3) } 13...Ng6
{ [%eval -23,11] [%emt 0:00:54] (Nac6) } 14.Qf3
{ [%eval 8,11] [%emt 0:00:40] (e5) } 14...Qd6
{ [%eval -24,11] [%emt 0:00:53] (Bc6) } 15.Nf5
{ [%eval 24,12] [%emt 0:01:15] (Nf5) } 15...Qc5+
{ [%eval -28,11] [%emt 0:00:52] (Qf6) } 16.Kh1
{ [%eval 29,12] [%emt 0:01:02] (Nd4) } 16...Rad8
{ [%eval -10,10] [%emt 0:00:52] (Rad8) } 17.Nd4
{ [%eval 27,12] [%emt 0:01:27] (Qg3) } 17...d5
{ [%eval -10, 12] [%emt 0:00:51] (Qf8) } 18.e5
{ [%eval 42,12] [%emt 0:00:44] (e5) } 18...Nc6
{ [%eval -9,11] [%emt 0:00:50] (Qe7) } 19.N2b3
{ [%eval 57,12] [%emt 0:00:58] (Nf5) } 19...Qe7
{ [%eval -48,12] [%emt 0:00:49] (Qe7) } 20.Qh5
{ [%eval 45,12] [%emt 0:01:02] (Nxc6) } 20...Nxd4
{ [%eval -24,11] [%emt 0:00:48] (Nb8) } 21.Nxd4
{ [%eval 50,12] [%emt 0:00:56] (cxd4) } 21...c5
{ [%eval -28,11] [%emt 0:00:39] (c5) } 22.Nf3
{ [%eval 75,12] [%emt 0:00:32] (Nf5) } 22...Nf8
{ [%eval -79,12] [%emt 0:00:39] (Nf8) } 23.Bb5
{ [%eval 79,12] [%emt 0:00:33] (f5) } 23...Nd7
{ [%eval -50,12] [%emt 0:00:38] (Nd7) } 24.f5
{ [%eval 85,12] [%emt 0:00:34] (Rae1) } 24...Nxe5
{ [%eval -68,12] [%emt 0:00:38] (Nxe5) } 25.Bxe8
{ [%eval 117,11] [%emt 0:00:34] (Bxe8) } 25...Rxe8
{ [%eval -61,12] [%emt 0:00:38] (Rxe8) } 26.Rae1
{ [%eval 141,13] [%emt 0:00:45] (Rae1) } 26...f6
{ [%eval -135,12] [%emt 0:00:37] (Qf6) } 27.Nxe5
{ [%eval 141,14] [%emt 0:00: 35] (Nxe5) } 27...fxe5
{ [%eval -102,13] [%emt 0:00:37] (fxe5) } 28.f6
{ [%eval 130,14] [%emt 0:00:31] (f6) } 28...gxf6
{ [%eval -102,11] [%emt 0:00:29] (Qf7) } 29.Rxf6 Qxf6
{ [%eval -241,12] [%emt 0:00:37] (Qxf6) } 30.Qxe8+
{ [%eval 288,14] [%emt 0:00:18] (Qxe8) } 30...Kg7
{ [%eval -220,11] [%emt 0:00: 28] (Kg7) } 31.Qb8
{ [%eval 303,14] [%emt 0:00:38] (Qxe5) } 31...Bc6
{ [%eval -235,12] [%emt 0:00:28] (Bc6) } 32.Qxa7+
{ [%eval 309,14] [%emt 0:00:38] (Qxa7) } 32...Kg6
{ [%eval -232,12] [%emt 0:00:28] (Kg6) } 33.Qb8
{ [%eval 309,14] [%emt 0:00:54] (Qxb6) } 33...e4
{ [%eval -230,12] [%emt 0:00:29] (e4) } 34.Qxb6
{ [%eval 306,12] [%emt 0:00:12] (Qxb6) } 34...d4
{ [%eval -252,12] [%emt 0:00:29] (Qd6) } 35.Qxc5
{ [%eval 271,12] [%emt 0:00:17] (Qxc5) } 35...d3
{ [%eval -272,12] [%emt 0:00:29] (e3) } 36.b4
{ [%eval 337,12] [%emt 0:01:00] (Kg1) } 36...h5
{ [%eval -266,11] [%emt 0:00:29] (Bb7) } 37.c4
{ [%eval 350,12] [%emt 0:00:39] (Kg1) } 37...h4
{ [%eval -307,11] [%emt 0:00:29] (Bb7) } 38.b5
{ [%eval 383,13] [%emt 0:01:06] (b5) } 38...Bb7
{ [%eval -363, 12] [%emt 0:00:29] (Ba8) } 39.Qe3
{ [%eval 392,12] [%emt 0:00:21] (Qe3) } 39...Qd8
{ [%eval -350,11] [%emt 0:00:29] (Qd8) } 40.a4
{ [%eval 423,12] [%emt 0:00:21] (c5) } 40...Ba8
{ [%eval -448,11] [%emt 0:00:29] (Ba8) } 41.Rf1
{ [%eval 487,12] [%emt 0:00:31] (c5) } 41...Qd6
{ [%eval -619,12] [%emt 0:00:36] (Qd7) } 42.Qa7
{ [%eval 694, 13] [%emt 0:00:38] (a5) } 42...Qe6
{ [%eval -632,13] [%emt 0:00:36] (Qe6) } 43.Qxa8
{ [%eval 694,12] [%emt 0:00:12] (Qxa8) } 43...d2
{ [%eval -666,13] [%emt 0:00:36] (e3) } 44.g3
{ [%eval 687,12] [%emt 0:00:39] (Qd8) } 44...h3
{ [%eval -614,13] [%emt 0:00:36] (h3) } 1-0

[Event "41st Amateur D7"]
[Site "ChessGUI4"]
[Date "2013.07.11"]
[Round "30.4"]
[White "ProChess 1.02AD"]
[Black "ChessKiss 1.7 64-bit"]
[Result "1/2-1/2"]
[BlackElo "2214"]
[ECO "D58"]
[EventDate "2013.??.??"]
[TimeControl "40/1500:40/1500:40/1500"]
[WhiteElo "2244"]

{ i5 Quad } 1.d4 Nf6 2.c4 e6 3.Nf3 d5 4.Nc3 Be7 5.Bg5 h6 6.Bh4 O-O 7.e3 b6 8.Bd3 dxc4 9.Bxc4 Bb7 { [%eval -48,12] [%emt 0:00: 43] (Nc6) } 10.O-O
{ [%eval 20,12] [%emt 0:03:39] (O-O) } 10...Nc6
{ [%eval -62,11] [%emt 0:00:41] (Nd5) } 11.Bg3
{ [%eval 25,11] [%emt 0:00:47] (Rc1) } 11...a6
{ [%eval -26,11] [%emt 0:00:40] (Bb4) } 12.Re1
{ [%eval 23,11] [%emt 0:01:18] (Rc1) } 12...Nh5
{ [%eval -7,12] [%emt 0:00:39] (b5) } 13.Be5
{ [%eval 22,12] [%emt 0:00:35] (Be5) } 13...b5
{ [%eval -14,12] [%emt 0:00:38] (b5) } 14.Bd3
{ [%eval 23,12] [%emt 0:02:03] (Bd3) } 14...Nxe5
{ [%eval -14,12] [%emt 0:00:37] (f6) } 15.dxe5
{ [%eval 42,12] [%emt 0:00:49] (Nxe5) } 15...Bxf3
{ [%eval 9,13] [%emt 0:00:35] (c5) } 16.gxf3
{ [%eval 47, 13] [%emt 0:00:40] (Qxf3) } 16...Bb4
{ [%eval 10,12] [%emt 0:00:34] (b4) } 17.f4
{ [%eval 63,12] [%emt 0:00:32] (f4) } 17...Qh4
{ [%eval -12,12] [%emt 0:00:32] (g6) } 18.Qf3
{ [%eval 68,11] [%emt 0:00:40] (Qf3) } 18...Rad8
{ [%eval -14,11] [%emt 0:00:33] (Rfd8) } 19.Be2
{ [%eval 91,13] [%emt 0:00:48] (Red1) } 19...g6
{ [%eval -21,12] [%emt 0:00:32] (g6) } 20.Qc6
{ [%eval 91,12] [%emt 0:01:02] (Rad1) } 20...Rd2
{ [%eval -27, 10] [%emt 0:00:31] (Rd2) } 21.a3
{ [%eval 90,11] [%emt 0:00:35] (a3) } 21...Bxc3
{ [%eval -44,12] [%emt 0:00:29] (Bxc3) } 22.Qxc3
{ [%eval 78,11] [%emt 0:00:16] (bxc3) } 22...Rxe2
{ [%eval -18,12] [%emt 0:00:18] (Rfd8) } 23.Rxe2
{ [%eval 0,17] [%emt 0:00:18] (Rxe2) } 23...Qg4+
{ [%eval 0,15] [%emt 0:00:28] (Qg4) } 24.Kf1
{ [%eval 0,18] [%emt 0:00:20] (Kf1) } 24...Qh3+
{ [%eval 0,16] [%emt 0:00:28] (Qh3) } 25.Kg1
{ [%eval 0,18] [%emt 0:04:48] (Kg1) } 25...Qg4+
{ [%eval 0,17] [%emt 0:00:27] (Qg4) } 26.Kf1
{ [%eval 0,27] [%emt 0:00:07] (Kf1) } 26...Qh3+ 27.Kg1 { [%eval 0,19] [%emt 0:00:10] (Kg1) }
27...Qg4+ 1/2-1/2